Map: [ESL] Gresvan

Players

Cow (PiG) - Winner!

  • Race: Terran Terran
  • League: Grandmaster
  • Spawn Location: 11:00

Relm

  • Race: Zerg Zerg
  • League: Gold
  • Spawn Location: 5:00

VOD

https://www.youtube.com/playlist?list=PLOrKQEirgvjBrkg_LERyoNc_WYX2C2tgI

Description

Time

  • Played on: July 18, 2023, 5:49 p.m.
  • Length: 18:31
Show
View Real Time Build Order
Export as new Build Order

Cow Terran - Winner!

Build Orders:  

Get SALT Encoding   

  12  0:00  SCV  
  13  0:13  SCV  
  14  0:17  Supply Depot  
  14  0:25  SCV  
  15  0:39  SCV  
  16  0:43  Barracks  
  16  0:45  Refinery  
  16  0:51  SCV  
  17  1:03  SCV  
  18  1:15  SCV  
  19  1:30  Orbital Command  
  19  1:32  Barracks Reactor  
  19  1:46  Command Center  
  19  1:57  Supply Depot, SCV  
  20  2:08  Factory  
  20  2:16  SCV  
  20  2:19  Refinery, Marine x2  
  23  2:28  Bunker  
  23  2:31  SCV  
  24  2:37  Marine x2  
  24  2:44  SCV  
  27  2:53  Factory Tech Lab  
  27  2:55  Starport  
  27  2:56  SCV  
  28  3:06  Marine  
  28  3:07  Marine  
  28  3:08  SCV  
  31  3:14  Orbital Command  
  31  3:21  Siege Tank  
  34  3:31  SCV  
  34  3:33  Marine x2  
  37  3:42  Supply Depot  
  37  3:43  SCV x2  
  39  3:51  Marine x2  
  39  3:54  Viking  
  39  3:55  SCV x2  
  45  4:07  Supply Depot  
  45  4:14  SCV  
  45  4:15  SCV  
  47  4:17  Marine  
  47  4:18  Marine  
  49  4:25  Siege Tank  
  49  4:26  SCV  
  49  4:27  SCV  
  54  4:35  Marine x2, Supply Depot  
  54  4:37  Supply Depot  
  56  4:38  SCV  
  56  4:39  SCV  
  58  4:56  SCV x2  
  58  4:59  Supply Depot  
  60  5:02  Supply Depot  
  60  5:08  SCV  
  60  5:13  Barracks  
  61  5:18  Starport Reactor, Barracks x2  
  61  5:19  Barracks, Marine x2  
  61  5:20  Siege Tank  
  66  5:22  SCV x2  
  68  5:34  SCV x2  
  70  5:38  Engineering Bay  
  70  5:39  Refinery  
  70  5:40  Refinery  
  70  5:46  SCV x2  
  72  5:50  Supply Depot  
  72  5:51  Supply Depot  
  72  5:58  SCV  
  73  6:12  Barracks Tech Lab x2, Barracks Reactor x2  
  73  6:19  Marine x2  
  73  6:21  Medivac, Siege Tank  
  73  6:22  Medivac  
  82  6:26  Supply Depot  
  82  6:28  Supply Depot  
  82  6:33  Terran Infantry Weapons Level 1  
  82  6:37  Marine x2  
  84  6:59  Marauder x2  
  84  7:00  Marine x5  
  84  7:01  Marine  
  94  7:02  Siege Tank  
  94  7:03  Medivac  
  94  7:04  Medivac  
  94  7:08  Supply Depot x2  
  101  7:13  Stimpack  
  101  7:17  Marine  
  101  7:18  Marine  
  101  7:20  Marauder  
  105  7:24  Combat Shield  
  105  7:30  Supply Depot  
  105  7:32  Supply Depot  
  105  7:34  Siege Tank  
  108  7:42  Marauder x2  
  108  7:43  Marine x6  
  118  7:49  Medivac  
  120  7:54  Supply Depot x2  
  120  8:00  Marine  
  120  8:01  Marine x5  
  120  8:03  Marauder x2  
  130  8:06  Siege Tank  
  133  8:18  Marine, Supply Depot  
  133  8:19  Supply Depot  
  132  8:25  Marauder  
  125  8:39  Marauder, Marine  
  125  8:40  Marine x5  
  125  8:41  Medivac, Siege Tank  
  136  8:43  Concussive Shells  
  136  8:46  Marauder  
  140  8:51  Supply Depot  
  140  8:53  Supply Depot  
  129  8:57  Marine x6  
  129  9:01  Marauder  
  137  9:07  Marine  
  138  9:13  Siege Tank  
  138  9:15  Marine x6  
  147  9:22  Medivac, Marauder  
  151  9:25  Marauder  
  153  9:33  Marine x4  
  157  9:44  Marauder  
  159  9:47  Marauder  
  161  9:52  Marine  
  161  9:53  Marine x5  
  161  9:58  Siege Tank  
  170  10:05  Marauder  
  172  10:08  Marauder  
  172  10:10  Marine x6  
  180  10:15  Supply Depot  
  180  10:17  Supply Depot  
  180  10:26  Marauder  
  182  10:36  Marine x5  
  182  10:37  Marauder  
  189  11:01  Missile Turret  
  189  11:05  Marauder x2, Marine  
  189  11:06  Marine x4  
  189  11:09  Marine  
  198  11:31  Marine x6, Marauder x2  
  194  11:48  Marine x3  
  194  11:49  Marine  
  163  16:27  Marine x2  
  163  16:31  Marine x2  
  163  16:35  Marauder  
  163  16:36  Marauder  
  163  17:08  Marauder x2  
  163  17:09  Marine x5  
  163  17:10  Marine  
  163  17:12  Siege Tank  
  163  17:13  Medivac x2  
  163  17:27  Marine x6  
  163  17:29  Marauder x2  
  163  18:06  Command Center  
  163  18:07  Command Center  
Show
View Real Time Build Order
Export as new Build Order

Relm Zerg 

Build Orders: Pool First 

Get SALT Encoding   

  12  0:01  Drone  
  13  0:08  Drone  
  14  0:23  Overlord  
  14  0:38  Spawning Pool  
  13  0:43  Drone x2  
  13  0:46  Drone  
  16  1:16  Hatchery, Drone  
  16  1:20  Drone  
  17  1:41  Drone x3  
  20  1:56  Drone  
  21  2:05  Extractor  
  21  2:07  Extractor  
  21  2:08  Hatchery  
  19  2:14  Drone x2  
  21  2:26  Drone  
  22  2:38  Drone x2  
  22  2:39  Queen  
  22  2:40  Queen  
  28  2:57  Overlord x2  
  28  3:13  Roach Warren  
  28  3:16  Extractor, Drone x2  
  28  3:21  Queen  
  28  3:26  Drone x4  
  34  3:30  Drone  
  35  3:42  Drone  
  35  3:43  Drone  
  35  3:45  Drone x3  
  41  3:55  Drone x2  
  41  3:56  Drone x4  
  46  4:03  Lair  
  46  4:10  Evolution Chamber  
  46  4:12  Evolution Chamber  
  46  4:14  Drone  
  46  4:15  Drone  
  46  4:17  Drone x2  
  48  4:26  Overlord x3  
  48  4:40  Drone x2  
  50  4:57  Drone x4  
  50  4:58  Drone x5  
  59  5:07  Zerg Missile Weapons Level 1  
  59  5:08  Zerg Ground Armor Level 1  
  59  5:09  Glial Reconstitution  
  59  5:13  Pneumatized Carapace  
  59  5:19  Drone x2  
  61  5:22  Roach x2  
  61  5:26  Overlord x6  
  65  5:48  Roach x9  
  83  6:22  Queen x3  
  89  6:32  Roach x11  
  111  6:42  Overlord  
  111  6:43  Overlord x3  
  111  6:53  Extractor  
  110  6:54  Extractor  
  110  6:55  Drone x2  
  110  6:57  Drone x3  
  114  7:10  Ravager  
  114  7:11  Ravager  
  114  7:13  Ravager  
  117  7:41  Ravager x2  
  119  7:46  Overseer  
  115  8:39  Roach x3  
  115  8:40  Overlord  
  115  8:41  Overlord x13  
  102  9:02  Roach x5  
  112  9:18  Burrow  
  112  9:19  Hatchery, Tunneling Claws  
  112  9:21  Zerg Missile Weapons Level 2  
  112  9:22  Zerg Ground Armor Level 2  
  111  9:37  Ravager x2  
  113  9:49  Zergling x20  
  113  9:50  Zergling x16  
  131  9:53  Metabolic Boost  
  131  10:07  Zergling x16  
  133  10:44  Roach x10  
  133  10:45  Roach  
  135  11:15  Roach x7  
  135  11:16  Roach x3  
  129  11:48  Roach  
  129  11:49  Roach x11  
  153  11:57  Roach x2  
  153  11:58  Roach x2  
  117  12:27  Ravager  
  117  12:28  Ravager x5  
  119  12:30  Roach  
  119  12:31  Roach  
  119  12:33  Zergling x2  
  119  12:34  Zergling x34  
  141  12:44  Baneling Nest  
Tags
 
Add a new tag
Caveats
  • Supply blocks, unpowered buildings, or Contaminate may cause inaccurate times.
  • Supply counts are checked every 10 seconds.